[Event "*** SCC Grand Prix: Titled Tuesday Blitz"]
[Site "Chess.com"]
[Date "2020.07.14"]
[Round "5"]
[White "hongnhung1234"]
[Black "atalz0"]
[Result "1-0"]
[WhiteElo "2254"]
[BlackElo "2379"]
[TimeControl "180+1"]
[EndTime "10:57:30 PDT"]
[Termination "hongnhung1234 won by resignation"]

1. e4 c6 2. d4 d5 3. f3 e6 4. Nc3 Bb4 5. Bf4 dxe4 6. fxe4 Nf6 7. Qd3 Qa5 8. Ne2 Nbd7 9. O-O-O O-O 10. h3 e5 11. Bd2 exd4 12. Nxd4 Nc5 13. Qg3 Bxc3 14.
Bxc3 Qxa2 15. Nb3 Ncxe4 16. Qf3 Nxc3 17. Qxc3 Be6 18. Bc4 Nd5 19. Qd4 b5 20. Bxd5 Bxd5 21. Nc5 Rad8 22. Nd3 Bc4 23. Qc3 Bxd3 24. cxd3 Qd5 25.
Kb1 c5 26. Rc1 Qxd3+ 27. Qxd3 Rxd3 28. Rxc5 a6 29. Rhc1 h6 30. Rc6 Rd2 31. R1c2 Rfd8 32. Rxa6 Rxc2 33. Kxc2 Rd5 34. Rb6 Rg5 35. g4 h5 36. b4 hxg4 37. hxg4 g6 38. Kc3 Kg7 39. Kd3 Rxg4 40. Rxb5 f5 41. Rb6 Rg1 42. b5 Rb1 43. Kc4 Kh6 44. Rb8 f4 45. Kd3 Kg5 46. b6 Kg4 47. b7 g5 48. Kc2 Rb6 49. Kd2 f3 50. Ke3 Kg3 51. Rf8 Rxb7 52. Rxf3+ Kg2 53. Rf8 Re7+ 54.
Kd2 g4 55. Kd3 g3 56. Rg8 Re5 57. Kd4 Rh5 58. Ke3 Re5+ 59. Kf4 Re2 60. Rxg3+ Kf2 61. Rh3 Re8 62. Rh2+ Kg1 63. Ra2 Rf8+ 64. Kg3 Rf2 65. Rxf2 1-0

[Event "*** SCC Grand Prix: Titled Tuesday Blitz"]
[Site "Chess.com"]
[Date "2020.07.14"]
[Round "5"]
[White "Steven_Rojas"]
[Black "volcanoexplorer"]
[Result "0-1"]
[WhiteElo "2396"]
[BlackElo "2577"]
[TimeControl "180+1"]
[EndTime "10:57:31 PDT"]
[Termination "volcanoexplorer won by checkmate"]

1. c4 e5 2. Nc3 Nf6 3. Nf3 Nc6 4. e3 g6 5. d4 exd4 6. exd4 d6 7. Be2 Bg7 8. O-O O-O 9. d5 Ne5 10. Bf4 Re8 11.
h3 Bf5 12. Nxe5 dxe5 13. Bh2 h5 14. Qd2 Qd7 15. Rae1 Rad8 16. Bd1 e4 17. Qf4 c6 18. Ba4 Qc8 19. dxc6 bxc6 20. Rd1 Nd7 21. Qe3 Nb6 22. Bb3 Rd3 23. Rxd3 exd3 24. Qd2 Nd7 25. Re1 Nc5 26. Bd1 Ne4 27. Nxe4 Rxe4 28. Rxe4 Bxe4 29. Qe3 Bf5 30. b3 c5 31. Be5 Qf8 32. g4 hxg4 33. hxg4 Bxe5 34. Qxe5 Be6 35. Qe3 Qd6 36. f4 a5 37. Kf2 Bd7 38. Bf3 Be6 39. Ke1 a4 40. Kd2 axb3 41. axb3 Qb8 42. Kxd3 Qxb3+ 43. Kd2 Qxc4 44. f5 gxf5 45. gxf5 Bxf5 46. Qg5+ Bg6 47. Bd5 Qd4+ 48. Ke1 Kg7 49. Bf3 Qf6 50. Qxc5 Qxf3 51. Qe5+ Qf6 52. Qg3 Qf5 53. Qc3+ Qf6 54. Qg3 Qe6+ 55.
Kd2 f5 56. Qc3+ Kf7 57. Qc7+ Qe7 58. Qc4+ Kg7 59. Qd4+ Kh6 60. Qg1 Qg5+ 61. Qe3 Qxe3+ 62. Kxe3 Kg5 63. Kf2 f4 64. Kf3 Bh5+ 65. Kf2 Kg4 66. Kg2 f3+ 67. Kf2 Bg6 68. Kg1 Kg3 69. Kh1 Be4 70.
Kg1 f2+ 71. Kf1 Bd3# 0-1

[Event "*** SCC Grand Prix: Titled Tuesday Blitz"]
[Site "Chess.com"]
[Date "2020.07.14"]
[Round "5"]
[White "GelmanAlexander"]
[Black "chito89"]
[Result "1-0"]
[WhiteElo "2591"]
[BlackElo "2792"]
[TimeControl "180+1"]
[EndTime "10:57:35 PDT"]
[Termination "GelmanAlexander won on time"]

1. c4 e5 2. e3 Nf6 3. a3 d6 4.
Nc3 g6 5. Nf3 Bg7 6. d3 O-O 7.
Be2 Re8 8. Qc2 c6 9. O-O d5 10. d4 e4 11. Ne5 Nbd7 12. Nxd7 Bxd7 13. Bd2 Bg4 14. Bxg4 Nxg4 15. cxd5 cxd5 16. h3 Nf6 17. Rfc1 Re6 18. Na4 Ne8 19. Qb3 b6 20. Nc3 Rd6 21.
Nb5 Rd7 22. a4 h5 23. Rc6 a6 24. Nc3 Rb8 25. Rc1 Nc7 26. Rxb6 Rxb6 27. Qxb6 Bf8 28. Na2 Bd6 29. Bb4 Ne6 30. Qxd8+ Rxd8 31. Rc6 Bxb4 32. Nxb4 a5 33. Na6 h4 34. Kf1 g5 35. Ke2 Kg7 36. Nc5 Rb8 37. Nxe6+ fxe6 38. Rc2 Kf6 39. Kd2 Rb4 40.
Rc8 Rxb2+ 41. Rc2 Rb4 42. Ra2 e5 43. dxe5+ Kxe5 44. Kc3 Rc4+ 45. Kb3 Rb4+ 46. Kc3 Ke6 47. Kc2 Kf5 48. Kd2 g4 49. hxg4+ Kxg4 50. Ke2 Kf5 51. Rd2 Ke5 52. Ra2 Kd6 53. f3 Kc5 54. Rc2+ Kd6 55. f4 Rxa4 56. Rc8 Ra2+ 57. Kf1 a4 58. Rd8+ Ke6 59. Re8+ Kd7 60. Re5 Kd6 61. Rh5 a3 62.
Rh6+ Kd7 63. Ra6 d4 64. Ra7+ 1-0

[Event "*** SCC Grand Prix: Titled Tuesday Blitz"]
[Site "Chess.com"]
[Date "2020.07.14"]
[Round "5"]
[White "allvim"]
[Black "davidkalashian"]
[Result "0-1"]
[WhiteElo "2257"]
[BlackElo "2574"]
[TimeControl "180+1"]
[EndTime "10:57:35 PDT"]
[Termination "davidkalashian won by resignation"]

1. e4 c5 2. Nf3 a6 3. d4 cxd4 4. Nxd4 Nf6 5. Nc3 e5 6. Nf3 Nc6 7. Bg5 Bb4 8. Bc4 Qa5 9. Bd2 Qc5 10. Bb3 Bxc3 11. Bxc3 Nxe4 12. O-O Nxc3 13. bxc3 O-O 14. Qd5 Qxd5 15. Bxd5 d6 16. Rfd1 Ne7 17. Be4 f5 18. Bd5+ Nxd5 19. Rxd5 Rf6 20. Rad1 e4 21. Nd4 Kf7 22.
Nb3 Ke7 23. c4 b6 24. a4 Bb7 25. R5d4 a5 26. Nc1 Rc8 27. Ne2 Bc6 28. Nc3 Re6 29.
Nd5+ Bxd5 30. Rxd5 Rxc4 31. Rxf5 Rxa4 32. Rb5 Rb4 33. Rxb4 axb4 34. Rb1 Re5 35. Rxb4 b5 36. Kf1 Ke6 37. Ke2 Kf5 38. Rd4 Rc5 39. Rxd6 Rxc2+ 40. Ke3 Rc3+ 41. Ke2 Rb3 42. Rd5+ Ke6 43. Rd8 h6 44. h3 b4 45. Rd4 Ke5 46. Rd8 g5 47. g3 Rb1 48. Rb8 b3 49. Ke3 b2 50. Ke2 Kd4 51.
h4 g4 52. Rb6 h5 53. Rb8 Kc3 54. Rc8+ Kd4 55. Rd8+ Ke5 56. Re8+ Kd6 57. Rb8 e3 58. fxe3 Rh1 59. Rb6+ Kc5 60. Rxb2 Rh2+ 61. Kd3 Rxb2 62. Ke4 Rf2 0-1

[Event "*** SCC Grand Prix: Titled Tuesday Blitz"]
[Site "Chess.com"]
[Date "2020.07.14"]
[Round "5"]
[White "picturesquecheck"]
[Black "Kopytkin"]
[Result "1/2-1/2"]
[WhiteElo "2240"]
[BlackElo "2453"]
[TimeControl "180+1"]
[EndTime "10:57:35 PDT"]
[Termination "Game drawn - insufficient material"]

1. e4 Nf6 2. e5 Nd5 3. c4 Nb6 4. a4 d6 5. a5 N6d7 6. exd6 cxd6 7. d4 g6 8. Nf3 Bg7 9. Nc3 Nc6 10. Be3 O-O 11. Bd3 e5 12. d5 Nb4 13.
Bb1 Nc5 14. O-O f5 15. Re1 Bd7 16. Bxc5 dxc5 17. Nxe5 Re8 18. Nf3 Qf6 19. Qd2 h6 20. Bc2 g5 21. Ba4 Qf7 22. Bxd7 Qxd7 23. h3 Bf6 24.
Rxe8+ Rxe8 25. Re1 Kg7 26. Rxe8 Qxe8 27. Qe1 Qxe1+ 28.
Nxe1 Bxc3 29. bxc3 Na2 30. Nd3 b6 31. axb6 axb6 32.
f3 Nxc3 33. Kf2 Kf6 34. Ke3 Nb1 35. f4 Na3 36. Nb2 Nc2+ 37. Kd2 Nd4 38. Ke3 g4 39. Na4 Nc2+ 40. Kd2 Na3 41. Nxb6 h5 42. Kc3 gxh3 43. gxh3 Nb1+ 44. Kd3 Na3 45. Nd7+ Ke7 46. Ne5 Kd6 47. Nf7+ Ke7 48. Ng5 Kf6 49. Ne6 Nb1 50. Nxc5 h4 51.
Nd7+ Ke7 52. Ne5 Kf6 53. d6 Na3 54. d7 Ke7 55. Ng6+ Kxd7 56. Nxh4 Ke6 57. c5 Kd5 58. Nxf5 Kxc5 59. Ke4 Nc4 60. Ne3 Nd2+ 61. Ke5 Nf3+ 62. Ke6 Kd4 63. Nf5+ Ke4 64. Nd6+ Kxf4 65. Kf6 Kg3 66.
Nf5+ Kxh3 1/2-1/2

[Event "*** SCC Grand Prix: Titled Tuesday Blitz"]
[Site "Chess.com"]
[Date "2020.07.14"]
[Round "5"]
[White "mishanick"]
[Black "Azatic"]
[Result "0-1"]
[WhiteElo "2833"]
[BlackElo "2643"]
[TimeControl "180+1"]
[EndTime "10:57:36 PDT"]
[Termination "Azatic won by checkmate"]

1. d4 Nf6 2. c4 g6 3. Nc3 Bg7 4.
e4 d6 5. Be2 O-O 6. Be3 Na6 7.
Nf3 e5 8. O-O Ng4 9. Bg5 Qe8 10.
h3 h6 11. Bc1 Nf6 12. Re1 Nh5 13. Bf1 Nf4 14. Bxf4 exf4 15. Qd2 g5 16. e5 Qd8 17.
Rad1 Bf5 18. d5 dxe5 19. Nxe5 Re8 20. Nf3 Nc5 21. Nd4 Bg6 22. b4 Rxe1 23. Rxe1 Qf6 24. Ndb5 Na6 25. Ne4 Bxe4 26. Rxe4 Rd8 27. a3 c6 28.
Nxa7 Nc7 29. Re1 cxd5 30. c5 f3 31. Nb5 Nxb5 32. Bxb5 fxg2 33. Kxg2 d4 34. Qd3 Qf4 35. Re4 Qf6 36. Bc4 Kh8 37. Re1 Qc6+ 38. Kg1 Qf6 39. a4 Qf4 40. Re4 Qc1+ 41. Kg2 Rf8 42. b5 f5 43. Re7 f4 44. Qf1 f3+ 45. Kg1 Qf4 46. Qd3 Qh4 47. Kf1 Qxh3+ 48. Ke1 Qh1+ 49. Qf1 Qh4 50.
Kd1 g4 51. Rd7 Qf6 52. Bd3 g3 53. fxg3 f2 54. c6 bxc6 55. bxc6 Qxc6 56. Qh3 Qxa4+ 57.
Kd2 f1=Q 58. Bxf1 Qa2+ 59. Kd3 Qb3+ 60. Ke4 Qe3+ 61. Kd5 Qe5+ 62. Kc4 Rc8+ 63. Kd3 Qe3# 0-1

[Event "*** SCC Grand Prix: Titled Tuesday Blitz"]
[Site "Chess.com"]
[Date "2020.07.14"]
[Round "5"]
[White "GMNickPert"]
[Black "SaqoChess_Twitch"]
[Result "1-0"]
[WhiteElo "2683"]
[BlackElo "2438"]
[TimeControl "180+1"]
[EndTime "10:57:39 PDT"]
[Termination "GMNickPert won by checkmate"]

1. d4 d5 2. Nf3 Nf6 3. Bf4 e6 4. e3 Be7 5. Nbd2 b6 6. Bd3 Bb7 7. Ne5 Ne4 8. Qe2 O-O 9. Rd1 Nd7 10. Nxe4 dxe4 11. Ba6 Bxa6 12. Qxa6 Nxe5 13. Bxe5 Qc8 14. Qxc8 Raxc8 15. Ke2 Bd6 16. Bg3 f5 17. c4 g5 18.
f3 exf3+ 19. gxf3 Bxg3 20. hxg3 Kg7 21. b4 Kg6 22. g4 h6 23. Rh2 c5 24. dxc5 bxc5 25.
b5 Rcd8 26. Rhh1 Rh8 27. a4 Rxd1 28. Kxd1 h5 29. gxh5+ Kh6 30. a5 Rd8+ 31. Ke2 Rb8 32. Rd1 Kxh5 33. Rd7 Ra8 34. Re7 g4 35. Rxe6 g3 36.
Kf1 Rd8 37. Re7 Rd2 38. Rxa7 g2+ 39. Kg1 Kh4 40. b6 Kg3 41. Rg7+ Kxf3 42. Kh2 g1=Q+ 43. Kxg1 Rd1+ 44. Kh2 Rd2+ 45. Kh3 Rd1 46. Rg3+ Kf2 47. Rg2+ Kf3 48. b7 Rd7 49. Rg3+ Kf2 50. Rg2+ Kf3 51.
Kh2 Rxb7 52. a6 Rb6 53. Ra2 Rh6+ 54. Kg1 Rg6+ 55. Kf1 Rh6 56. Rf2+ Kxe3 57. Ra2 Kf3 58. Ra3+ Ke4 59. a7 Rh8 60. a8=Q+ Rxa8 61. Rxa8 Kd4 62. Rf8 Kxc4 63. Rxf5 Kb4 64. Ke2 c4 65. Kd2 Kb3 66.
Kc1 c3 67. Rf3 Kb4 68. Kc2 Ka3 69. Rxc3+ Ka2 70. Rd3 Ka1 71. Ra3# 1-0

[Event "*** SCC Grand Prix: Titled Tuesday Blitz"]
[Site "Chess.com"]
[Date "2020.07.14"]
[Round "5"]
[White "marianokar"]
[Black "tsvet2005"]
[Result "1-0"]
[WhiteElo "2420"]
[BlackElo "2582"]
[TimeControl "180+1"]
[EndTime "10:57:39 PDT"]
[Termination "marianokar won by checkmate"]

1. e4 c5 2. Nf3 d6 3. Bb5+ Nd7 4. O-O a6 5. Bd3 Ngf6 6. Re1 g6 7. c3 Bh6 8. a4 O-O 9. Bc2 Ne5 10. Nxe5 dxe5 11. Na3 Qc7 12. Nc4 b6 13. a5 b5 14. Nb6 Rb8 15. d4 Bxc1 16. Rxc1 c4 17. f4 exd4 18.
e5 d3 19. exf6 dxc2 20. Qd4 e6 21. Rxc2 Bb7 22. Qe5 Qxe5 23. Rxe5 Rfd8 24. Rc5 Be4 25. Re2 Rd1+ 26. Kf2 Bd3 27. Ree5 Rd2+ 28. Kf3 Rxb2 29. Rc7 h5 30. Rec5 Rc2 31. Nd7 Rd8 32. Rc8 Rxc8 33.
Rxc8+ Kh7 34. Nf8+ Kh6 35. Nxe6 g5 36. fxg5+ Kg6 37.
h4 fxe6 38. Rg8+ Kf7 39. Rg7+ Kf8 40. g6 Rxc3 41. Rf7+ Kg8 42. Rg7+ Kf8 43. Kf4 Rc2 44. Rf7+ Kg8 45. Rg7+ Kf8 46. Rf7+ Ke8 47. Re7+ Kf8 48.
g7+ Kg8 49. Re8+ Kf7 50. g8=Q+ Kxf6 51. Qf8+ Kg6 52. Rxe6+ Kh7 53. Qf7+ Kh8 54. Re8# 1-0

[Event "*** SCC Grand Prix: Titled Tuesday Blitz"]
[Site "Chess.com"]
[Date "2020.07.14"]
[Round "5"]
[White "YPradafah"]
[Black "VMikhalevski"]
[Result "0-1"]
[WhiteElo "2562"]
[BlackElo "2797"]
[TimeControl "180+1"]
[EndTime "10:57:42 PDT"]
[Termination "VMikhalevski won by resignation"]

1. d4 Nf6 2. Nf3 g6 3. Bf4 Bg7 4. e3 O-O 5. h3 c5 6. c3 b6 7. Nbd2 Bb7 8. Be2 d6 9. O-O Nc6 10. Bh2 a6 11. a4 Rc8 12. Nc4 Qc7 13. Qb3 Nd7 14. Rfd1 Rb8 15. Qa3 b5 16. axb5 axb5 17. Nxd6 exd6 18. dxc5 Ra8 19. Bxd6 Rxa3 20. Bxc7 Rxa1 21.
Rxa1 Nxc5 22. Bd6 Nb3 23. Ra3 Rd8 24. Rxb3 Rxd6 25. Bxb5 Bf8 26. Be2 Na5 27. Ra3 Rd5 28. Ra1 Nc6 29. Nd4 Rd7 30. Bb5 Rc7 31. Bxc6 Bxc6 32. Nxc6 Rxc6 33. Kf1 f5 34. Ke2 Rb6 35.
Ra2 Kf7 36. b4 Ke6 37. Kd3 Bg7 38. Ra7 Bf6 39. Rxh7 Rd6+ 40. Kc2 Rc6 41. Rb7 Rxc3+ 42. Kd2 Rb3 43. Ke2 Bc3 44. b5 Rb2+ 45. Kd3 Be1 46. Rb6+ Kf7 47. g4 Bxf2 48. gxf5 gxf5 49. Rb7+ Ke6 50.
Rb6+ Ke5 51. Rb8 Rb3+ 52. Ke2 Bxe3 53. h4 Ke4 54. Re8+ Kf4 55. Rb8 Bd4 56. h5 Kg5 57.
Rd8 Bb6 58. Rd5 Bg1 59. Kf1 Be3 60. Ke2 Kf4 61. h6 Rb2+ 62. Ke1 Rh2 63. b6 Bxb6 64. Rd6 Be3 65. Rg6 Kf3 66. Kd1 Rxh6 67. Rg8 Rc6 68. Rg3+ Kxg3 0-1

[Event "*** SCC Grand Prix: Titled Tuesday Blitz"]
[Site "Chess.com"]
[Date "2020.07.14"]
[Round "5"]
[White "ShahMatKanal"]
[Black "S2PAc"]
[Result "0-1"]
[WhiteElo "2507"]
[BlackElo "2742"]
[TimeControl "180+1"]
[EndTime "10:57:42 PDT"]
[Termination "S2PAc won on time"]

1. d4 Nf6 2. c4 b6 3. Nc3 Bb7 4. Nf3 e6 5. a3 g6 6. g3 Bg7 7. Bg2 Ne4 8. Nxe4 Bxe4 9. O-O O-O 10. Ne1 Bxg2 11. Nxg2 d6 12. b3 c5 13. Bb2 Nc6 14. e3 cxd4 15. exd4 d5 16. Rc1 Rc8 17.
Ne3 dxc4 18. Rxc4 b5 19. Rc5 Qb6 20. b4 Rcd8 21. d5 Bxb2 22. Rxc6 Qxc6 23. dxc6 Rxd1 24. Rxd1 Rc8 25. Rd7 a6 26. c7 Kg7 27. Rd6 Bxa3 28.
Rxa6 Bxb4 29. Rb6 Bc5 30. Rb7 Bd6 31. Rxb5 Rxc7 32. Rb2 h5 33. h4 Rc3 34. Re2 Bc5 35.
Ng2 Rxg3 36. Kh2 Rc3 37. Nf4 Rf3 38. Nh3 Be7 39. Kg2 Rb3 40. Re4 Rb5 41. Rc4 Rf5 42. Re4 Rd5 43. Rc4 Bf6 44. Re4 Rd3 45. Rc4 Be7 46. Re4 Rd6 47. Rc4 e5 48. Re4 Bf6 49.
Rc4 Rd5 50. Re4 Be7 51. Ng1 f5 52. Rc4 Kf6 53. Nf3 Kf7 54. Rc6 e4 55. Ng5+ Bxg5 56. hxg5 Re5 57. Kg3 Rd5 58. Kf4 Rd3 59. Ke5 Rf3 60.
Rc7+ Ke8 61. Ke6 Kd8 62. Rg7 Rxf2 63. Kf6 e3 64. Re7 e2 65. Kxg6 Kxe7 0-1

[Event "*** SCC Grand Prix: Titled Tuesday Blitz"]
[Site "Chess.com"]
[Date "2020.07.14"]
[Round "5"]
[White "Artyom_ChessMate"]
[Black "Speshka"]
[Result "1/2-1/2"]
[WhiteElo "2515"]
[BlackElo "2194"]
[TimeControl "180+1"]
[EndTime "10:57:43 PDT"]
[Termination "Game drawn by stalemate"]

1. e4 c5 2. Nc3 e6 3. Nge2 a6 4. g3 b5 5. d4 cxd4 6. Nxd4 Bb7 7. Bg2 Nf6 8. O-O b4 9. Na4 Nxe4 10. Qd3 d5 11. b3 Nc5 12. Nxc5 Bxc5 13. Bb2 O-O 14.
Rad1 Nd7 15. Nf3 Nf6 16. Ng5 g6 17. c4 h6 18. Nf3 Ne4 19. Ne5 Qe7 20. cxd5 exd5 21. Bxe4 dxe4 22. Qc4 e3 23. Bd4 Bxd4 24. Qxd4 exf2+ 25. Kxf2 Rad8 26. Qe3 Rxd1 27. Rxd1 Qf6+ 28.
Nf3 Rc8 29. Qf4 Rc2+ 30. Rd2 Rxd2+ 31. Nxd2 Qxf4+ 32. gxf4 Bd5 33. Ke3 g5 34. Kd4 Be6 35.
fxg5 hxg5 36. Kc5 a5 37. Kb5 f5 38. Kxa5 g4 39. Kxb4 f4 40. Kc3 g3 41. hxg3 fxg3 42. Nf3 Bd5 43. Ng1 Kf7 44. Kd4 Ke6 45. Kc5 Ke5 46.
Kb4 Kf4 47. Ne2+ Kf3 48. Nxg3 Kxg3 49. a4 Kf4 50. Kc3 Ke5 51. b4 Kd6 52. Kd4 Bc6 53. b5 Bxb5 54. axb5 Kc7 55. Kc5 Kb7 56. Kb4 Kb6 57.
Ka4 Kb7 58. Ka5 Ka7 59. b6+ Kb7 60. Kb5 Kb8 61. Kc5 Kb7 62. Kb5 Kb8 63. Kc6 Kc8 64. Kd6 Kb7 65. Kc5 Kb8 66. Kb5 Kb7 67. Ka5 Kb8 68. Ka6 Ka8 69. b7+ Kb8 70. Kb6 1/2-1/2

[Event "*** SCC Grand Prix: Titled Tuesday Blitz"]
[Site "Chess.com"]
[Date "2020.07.14"]
[Round "5"]
[White "MFBerna"]
[Black "KaspMagAlpha"]
[Result "0-1"]
[WhiteElo "2423"]
[BlackElo "2258"]
[TimeControl "180+1"]
[EndTime "10:57:43 PDT"]
[Termination "KaspMagAlpha won on time"]

1. d4 Nf6 2. Nf3 d5 3. c4 c6 4. e3 e6 5. Nc3 Nbd7 6. Bd3 dxc4 7. Bxc4 c5 8. O-O cxd4 9. exd4 Be7 10. Qe2 O-O 11. Bf4 a6 12. Rad1 b5 13. Bd3 Bb7 14. Rfe1 b4 15. Ne4 Nxe4 16. Bxe4 Bxe4 17. Qxe4 Nf6 18.
Qe2 Qa5 19. Ne5 Qxa2 20. Ra1 Qd5 21. Rxa6 Rxa6 22. Qxa6 Qxd4 23. Bg5 Ne4 24. Rxe4 Qxe4 25. Bxe7 Qe1+ 26. Qf1 Qxe5 27. Bxf8 Kxf8 28. Qc1 Qd4 29. g3 g6 30. Qc8+ Kg7 31. Qc2 e5 32. h4 e4 33. Kg2 Qd5 34. Kg1 Qd3 35. Qc5 Qb1+ 36. Kg2 Qxb2 37. h5 Qc3 38. h6+ Kxh6 39. Qf8+ Kg5 40. Qe7+ Kf5 41. Kh3 Qc8 42. Qxf7+ Ke5+ 43. Kg2 Qe6 44. Qc7+ Kf6 45. Qd8+ Kf7 46. Qc7+ Qe7 47.
Qc4+ Kg7 48. Qd4+ Kf7 49. Qc4+ Kg7 50. Qd4+ Kf8 51. Qb6 Ke8 52. Qb8+ Kd7 53. Qb7+ Ke6 54. Qxe4+ Kd7 55. Qd5+ Kc8 56. Qa8+ Kc7 57. Qa7+ Kd8 58. Qb8+ Kd7 59. Qb7+ Ke6 60. Qb6+ Kf7 61. Qb5 Qe6 62. Kg1 Qd6 63. Qb7+ Ke6 64. Qxh7 Kd5 65. Kg2 Kc5 66.
Qg8 Kc6 67. Kg1 Kb6 68. Qe8 Qc5 69. Kg2 Qc6+ 70. Qxc6+ Kxc6 71. Kf3 b3 0-1

[Event "*** SCC Grand Prix: Titled Tuesday Blitz"]
[Site "Chess.com"]
[Date "2020.07.14"]
[Round "5"]
[White "manmanlai1"]
[Black "silverback96"]
[Result "1-0"]
[WhiteElo "2463"]
[BlackElo "2233"]
[TimeControl "180+1"]
[EndTime "10:57:44 PDT"]
[Termination "manmanlai1 won by checkmate"]

1. e4 e6 2. d4 d5 3. exd5 exd5 4. Bd3 Bd6 5. Qf3 Nc6 6. c3 h6 7. Ne2 Nf6 8. h3 O-O 9. O-O Re8 10. Bf4 Ne4 11.
Ng3 Qf6 12. Nh5 Qf5 13. Re1 Bd7 14. Na3 g6 15. Bxd6 Qxf3 16. gxf3 cxd6 17. fxe4 gxh5 18. exd5 Ne7 19. Kh2 Nxd5 20. Nc4 Nf4 21. Bf1 d5 22. Ne5 Bf5 23. Kg3 Ng6 24. h4 Kg7 25. Bg2 Ne7 26. Bf3 Bg6 27. Bg2 Kf6 28. Re2 Nf5+ 29. Kh3 Rad8 30.
Rae1 Ng7 31. Kh2 Nf5 32. Nd7+ Rxd7 33. Rxe8 Nxh4 34. Bh3 Be4 35. Bxd7 Nf3+ 36. Kg3 Nxe1 37. Kf4 Nf3 38. Bh3 Nd2 39. Rb8 b6 40. Rb7 Nc4 41. b3 Nb2 42. Rxa7 Nd3+ 43. Ke3 Nc1 44. b4 Kg5 45. a4 f5 46. f4+ Kh4 47. Bf1 Na2 48. Rc7 Kg3 49. a5 bxa5 50. bxa5 Nc1 51.
a6 Nb3 52. a7 Na1 53. a8=Q Nc2+ 54. Kd2 Kf2 55. Bd3 Bxd3 56. Kxd3 Ne3 57. Qe8 Ng4 58.
Qe2+ Kg3 59. Ra7 Kxf4 60. Ra1 h4 61. Rf1+ Kg5 62. Qf3 h3 63. Qxf5+ Kh4 64. Qf4 h5 65. Rh1 h2 66. Rxh2# 1-0

[Event "*** SCC Grand Prix: Titled Tuesday Blitz"]
[Site "Chess.com"]
[Date "2020.07.14"]
[Round "5"]
[White "Tash_Boy"]
[Black "Brave_spirit12"]
[Result "0-1"]
[WhiteElo "2663"]
[BlackElo "2505"]
[TimeControl "180+1"]
[EndTime "10:57:46 PDT"]
[Termination "Brave_spirit12 won by checkmate"]

1. e4 e6 2. d4 d5 3. Nc3 Nf6 4. exd5 exd5 5. Bd3 Nc6 6. Nge2 Bd6 7. O-O Bg4 8. f3 Bh5 9. Ng3 Bxg3 10. hxg3 O-O 11.
Ne2 Bg6 12. c3 Qd7 13. Nf4 Rae8 14. Qc2 Re7 15. Bd2 Rfe8 16. b4 a6 17. a4 Nd8 18.
a5 Ne6 19. Nxg6 hxg6 20. Rab1 Nh5 21. Kh2 Qd6 22. f4 Ng5 23. Rbe1 Ne4 24. Bxe4 dxe4 25. Be3 Qe6 26. c4 Qg4 27. Qf2 f5 28. d5 Kf7 29.
Rh1 Nxg3 30. Qxg3 Rh8+ 31. Qh3 Ree8 32. Kg1 Rxh3 33. Rxh3 g5 34. fxg5 Kg6 35. c5 f4 36.
Bd4 f3 37. Rh2 e3 38. Bxe3 Qxb4 39. Kf2 fxg2 40. Rxg2 Qxa5 41. Re2 Qb4 42. Kg1 Qb1+ 43. Kh2 Rh8+ 44. Kg3 Qd3 45. Rgf2 Re8 46. Kf3 Qxd5+ 47. Kg3 Qd3 48. Kf3 a5 49. Rg2 a4 50. Kf2 a3 51.
Rg3 Qb3 52. Rd2 a2 53. Rg1 Qb1 54. Rdd1 Qb3 55. Bd4 Rf8+ 56. Ke2 Qf3+ 57. Kd2 Rd8 58. Kc2 Qe4+ 59. Kc3 Rxd4 60. Rxd4 Qe3+ 61. Kc4 Qxg1 62. c6 Qxd4+ 63. Kxd4 bxc6 64. Kc5 a1=Q 65. Kc4 Kxg5 66. Kc5 Kh5 67. Kc4 g5 68. Kc5 g4 69. Kc4 g3 70.
Kc5 Qc3# 0-1

[Event "*** SCC Grand Prix: Titled Tuesday Blitz"]
[Site "Chess.com"]
[Date "2020.07.14"]
[Round "5"]
[White "bascheyaro"]
[Black "rasmussvane"]
[Result "0-1"]
[WhiteElo "2702"]
[BlackElo "2891"]
[TimeControl "180+1"]
[EndTime "10:57:50 PDT"]
[Termination "rasmussvane won by resignation"]

1. d4 d5 2. Bf4 Nf6 3. Nc3 c5 4. e3 cxd4 5. exd4 a6 6. Nf3 Nc6 7. Be2 Bg4 8. O-O e6 9. h3 Bxf3 10. Bxf3 Qb6 11. Ne2 Be7 12. Qd2 O-O 13. c3 Rfc8 14. Ng3 Qd8 15. Rfe1 b5 16. Nh5 b4 17. Rab1 bxc3 18. bxc3 Na5 19. Nxf6+ Bxf6 20. Be2 Be7 21.
Qc2 Bd6 22. Bd2 Nc4 23. Rb3 Qc7 24. Qd3 Bh2+ 25. Kf1 Bf4 26. Bxf4 Qxf4 27. Rd1 Qh2 28. f3 Nd6 29. Qe3 Nf5 30. Qg1 Qf4 31. Ke1 Rc7 32. Rd2 h6 33. Bd3 Rac8 34. Bxf5 Qxf5 35. Qe3 a5 36.
Qd3 Qf4 37. Rc2 Rc4 38. Kf2 Qc7 39. Ra3 a4 40. Qe3 Kh7 41. f4 g6 42. g3 h5 43.
h4 Kg8 44. Kg2 Rb8 45. Qc1 Qb6 46. Kh3 Qb5 47. Qe3 Qb1 48. Qe5 Rbc8 49. Qe2 Qh1+ 50.
Qh2 Qe4 51. Qg2 Qe1 52. Kh2 Rxc3 53. Raxc3 Rxc3 54. Rd2 a3 55. Re2 Qd1 56. f5 gxf5 57.
Qf2 Rc1 58. Qg2 Kg7 59. Rf2 Qe1 60. Re2 Qf1 61. Qxf1 Rxf1 62. Kg2 Rb1 63. Re3 Rb2+ 64. Kf3 Rxa2 65. Kf4 Kf6 66. Kf3 Ra1 67. Kg2 Rd1 68. Rxa3 Rxd4 69. Ra8 Kg7 70. Kf3 Rd3+ 71. Kf2 Rc3 72.
Ra3 Rxa3 0-1

[Event "*** SCC Grand Prix: Titled Tuesday Blitz"]
[Site "Chess.com"]
[Date "2020.07.14"]
[Round "5"]
[White "MashaFromRussia"]
[Black "marabu44"]
[Result "0-1"]
[WhiteElo "2419"]
[BlackElo "2250"]
[TimeControl "180+1"]
[EndTime "10:57:51 PDT"]
[Termination "marabu44 won by resignation"]

1. d4 d5 2. c4 e6 3. Nf3 c5 4.
cxd5 exd5 5. Nc3 Nf6 6. g3 Nc6 7. Bg2 Be6 8. O-O Be7 9. Bg5 O-O 10. Bxf6 Bxf6 11. dxc5 Qd7 12. Rc1 Rfd8 13. e3 Bg4 14.
Qb3 Qf5 15. Nd4 Bxd4 16. exd4 Nxd4 17. Qxb7 Nf3+ 18. Kh1 Qh5 19. h4 Rab8 20. Qe7 g5 21. Bxf3 Bxf3+ 22. Kh2 gxh4 23. Qxh4 Qxh4+ 24. gxh4 Rxb2 25. Kg3 Bh5 26. Kf4 Kf8 27. f3 Bg6 28. Rfd1 Rb4+ 29.
Kg3 d4 30. Ne4 Bxe4 31. fxe4 Ke7 32. Kf4 Ke6 33. c6 Rc8 34. Rc5 Rc7 35. Re5+ Kf6 36. Rc5 Rb6 37. Rxd4 Rbxc6 38. Rxc6+ Rxc6 39. Ra4 a6 40. Ra5 h6 41. h5 Ke6 42. Ke3 Kd6 43. Kd4 Rb6 44. Kc4 f6 45. Rd5+ Kc6 46. Rf5 Kd7 47. a4 Rc6+ 48. Kb4 Ke6 49. Ra5 Kd6 50. Rf5 Ke6 51. Ka5 Ke7 52. Rd5 Ke6 53. Kb4 Rb6+ 54. Kc5 Rb7 55. Rd6+ Ke5 56. Rxa6 Rc7+ 57. Kb6 Rc4 58.
Kb7 Rb4+ 59. Kc7 Rc4+ 60. Kb8 Rxe4 61. a5 Ra4 62. Kb7 f5 63. Ra8 f4 64. a6 f3 65. Rf8 Ke4 66. a7 Rb4+ 67. Ka6 Ra4+ 68. Kb6 Ke3 69. Rxf3+ Kxf3 70. Kb7 Rxa7+ 71. Kxa7 Kg4 72.
Kb6 Kxh5 73. Kc5 Kg4 74. Kd4 Kf3 0-1

[Event "*** SCC Grand Prix: Titled Tuesday Blitz"]
[Site "Chess.com"]
[Date "2020.07.14"]
[Round "5"]
[White "WashUntilHoles"]
[Black "PlotnikovPavel"]
[Result "1-0"]
[WhiteElo "2710"]
[BlackElo "2481"]
[TimeControl "180+1"]
[EndTime "10:57:54 PDT"]
[Termination "WashUntilHoles won by resignation"]

1. e4 e6 2. d4 d5 3. Nd2 Be7 4. e5 Nh6 5. Bd3 Nf5 6. Ne2 c5 7. c3 Nc6 8. Nf3 cxd4 9. cxd4 Qb6 10. O-O a5 11. a3 Bd7 12. Bc2 O-O 13. Rb1 a4 14. g4 Nh4 15. Nxh4 Bxh4 16. g5 Qd8 17. Qd3 g6 18. f4 h6 19. Kh1 hxg5 20. fxg5 Kg7 21.
Rf6 Ne7 22. Qh3 Rh8 23. Qg4 Nf5 24. Bd3 Rc8 25. Bd2 Qb6 26. Rf1 Bb5 27. Bxf5 gxf5 28. Qg2 Bxe2 29. Qxe2 Qxd4 30. Rf4 Qc5 31. g6 Bxf6 32.
exf6+ Kxf6 33. Bc3+ Ke7 34. Rxf5 fxg6 35. Re5 Qd6 36. Bb4 Rc5 37. Bxc5 Qxc5 38. Rxe6+ Kd7 39.
Rxg6 Qc1+ 40. Kg2 Qf4 41. Qe6+ Kc7 42. Qe7+ Kb8 43. Qd6+ Qxd6 44. Rxd6 Kc7 45. Rxd5 Rg8+ 46. Kf2 Rf8+ 47. Kg2 Rg8+ 48. Kf3 Rf8+ 49. Ke3 Rh8 50. Rd2 Rh3+ 51. Kd4 Kc6 52. Kc4 b5+ 53. Kb4 Rb3+ 54. Ka5 Kc5 55. Rc2+ Kd5 56. h4 Kd4 57. Rh2 Rf3 58.
h5 Kc4 59. h6 Rf8 60. h7 Ra8+ 61. Kb6 Rb8+ 62. Kc6 Rc8+ 63. Kd6 Rh8 64. Rh3 b4 65.
axb4 Kxb4 66. Ke6 a3 67. bxa3+ Ka4 68. Kf6 Rf8+ 69. Kg7 Rb8 70. h8=Q 1-0